 Dungeon Crawl Stone Soup version 0.14.1-3-gd16b60d (webtiles) character file.

53003 Indrah22 the Covert (level 15, 0/108 HPs)
             Began as a Formicid Assassin on May 17, 2014.
             Was an Elder of Dithmenos.
             Slain by Mellonil's ghost (15 damage)
             ... on Level 9 of the Dungeon on May 18, 2014.
             The game lasted 03:33:13 (30085 turns).

Indrah22 the Covert (Formicid Assassin)            Turns: 30085, Time: 03:33:14

HP   0/108       AC  8     Str 20      XL: 15   Next:  4%
MP  29/29        EV 15     Int 16      God: Dithmenos [****..]
Gold 1079        SH  0     Dex 15      Spells:  4 memorised,  4 levels left

rFire  . . .     SeeInvis +     w - +2,+4 bastard sword
rCold  . . .     Clarity  .     H - +3 leather armour of Nufups {Str+3 Int+3}
rNeg   . . .     Conserve +     (no shield)
rPois  .         rCorr    .     (helmet unavailable)
rElec  .         rRot     .     K - +0 cloak
SustAb . .       Spirit   .     (no gloves)
rMut   .         Warding  .     r - +0 pair of boots
Saprov . . .     Stasis   +     x - amulet of conservation
MR     +....                    n - ring of wizardry
                                Q - ring of wizardry

@: silence, wreathed by umbra, somewhat resistant to hostile enchantments,
extremely stealthy
A: permanent stasis, dig shafts and tunnels, four strong arms, antennae 3
a: Dig, Shaft Self


You were on level 9 of the Dungeon.
You worshipped Dithmenos.
Dithmenos was greatly pleased with you.
You were not hungry.

You visited 3 branches of the dungeon, and saw 18 of its levels.
You also visited: Sewer and Ice Cave.

You collected 1079 gold pieces.

Inventory:

Hand weapons
 a - a +4,+4 short sword of venom
 e - a +3,+3 sling
 q - a +0 blowgun
 s - a +2,+3 dagger of venom
 w - a +2,+4 bastard sword (weapon)
Missiles
 b - 2 throwing nets
 k - 5 javelins (quivered)
 y - 11 tomahawks
 L - 2 curare-tipped needles
 O - 34 poisoned needles
 S - 39 sling bullets
Armour
 r - a +0 pair of boots (worn)
 t - the +3 leather armour "Zositut" {rElec rC+}
   (You found it on level 6 of the Lair of Beasts)

   It protects you from cold.
   It insulates you from electricity.
 H - the +3 leather armour of Nufups (worn) {Str+3 Int+3}
   (You found it on level 5 of the Lair of Beasts)

   It affects your strength (+3).
   It affects your intelligence (+3).
 K - a +0 cloak (worn)
Magical devices
 f - a wand of disintegration (8)
 o - a wand of cold (3)
 D - a wand of hasting (4)
 E - a wand of polymorph (7)
Comestibles
 m - 2 chunks of hobgoblin flesh
 p - 4 meat rations
 G - a chunk of adder flesh
 N - an apple
Scrolls
 h - 3 scrolls of fog
 A - 2 scrolls of magic mapping
 B - 2 scrolls of remove curse
Jewellery
 j - an uncursed ring of flight
 n - a ring of wizardry (right hand)
 x - an amulet of conservation (around neck)
 z - an uncursed ring of positive energy
 I - an uncursed ring of protection from cold {unknown}
 Q - a ring of wizardry (left hand)
Potions
 c - 2 potions of lignification
 d - a potion of invisibility
 i - 2 potions of curing
 l - 2 potions of magic
 v - a potion of agility
 M - 3 potions of restore abilities
Miscellaneous
 g - a lantern of shadows
 u - a phial of floods


   Skills:
 - Level 7.2 Fighting
 - Level 12.0 Short Blades
 - Level 10.4 Long Blades
 - Level 10.0 Slings
 - Level 4.1 Throwing
 - Level 3.5 Armour
 + Level 6.6 Dodging
 - Level 13.0 Stealth
 - Level 5.9 Spellcasting
 - Level 12.0 Hexes
 - Level 2.0 Ice Magic
 - Level 1.0 Invocations
 - Level 4.1 Evocations


You had 4 spell levels left.
You knew the following spells:

 Your Spells              Type           Power        Failure   Level  Hunger
a - Ensorcelled Hibernat  Hex/Ice        ####..       1%          2    #......
b - Invisibility          Hex            #####...     5%          6    #######
c - Mass Confusion        Hex            #####.....   5%          6    #######
d - Darkness              Hex            #####.....   43%         7    #######


Dungeon Overview and Level Annotations

Branches:
Dungeon (9/15)             Temple (1/1) D:7            Lair (8/8) D:8
 Shoals (0/5) Lair:6       Spider (0/5) Lair:3        Slime (0/6) Lair:7
    Orc: D:9-12

Altars:
Ashenzari
Cheibriados
Dithmenos
Elyvilon
Fedhas
Kikubaaqudgha
Makhleb
Nemelex Xobeh
Okawaru
Sif Muna
Trog
Vehumet
Xom
Yredelemnul
Zin
The Shining One
Jiyva

Annotations:
D:9 Mellonil's ghost, experienced GrWz


Innate Abilities, Weirdness & Mutations

Your are under a permanent stasis effect.
You can dig through walls and to a lower floor.
Your four strong arms can wield two-handed weapons with a shield.
You have a pair of large antennae on your head (SInv).


Message History

Mellonil's ghost is severely damaged.
You are covered in liquid flames!
* * * LOW HITPOINT WARNING * * *
Mellonil's ghost hits you but does no damage.
Drink which item? (? for menu, Esc to quit)
You feel better.
You are covered in liquid flames!
* * * LOW HITPOINT WARNING * * *
Mellonil's ghost hits you!
* * * LOW HITPOINT WARNING * * *
Drink which item? (? for menu, Esc to quit)
You feel better.
You are covered in liquid flames!
* * * LOW HITPOINT WARNING * * *
Mellonil's ghost hits you.
* * * LOW HITPOINT WARNING * * *
Use which ability? (? or * to list) Are you sure you want to shaft yourself?
You feel somewhat more hungry. Mellonil's ghost hits you!
You die...

.... #. #.# / #..# .#####.##.#
##..# (.......... ##..#
#(.....>.# ##..# #(.>.....#
##..####.###.%......#
##..................#
....####.###........#
##.....#.# #####@##.#
##.....#.#######p##.#
##..............(...#
##.....#.##.........# {
##.....#.##.........#
##.....#.##.........#########
..............................
##.....#.############....####
..............................


You could see Mellonil's ghost.

Vanquished Creatures
  Rupert (Lair:7)
  Maud (Lair:6)
  6 dire elephants (Lair:8)
  8 hydras
  An anaconda (Lair:8)
  5 death yaks (Lair:8)
  Nergalle (Lair:3)
  A griffon (Lair:6)
  10 elephants
  8 spiny frogs
  5 black mambas
  4 freezing wraiths (IceCv)
  3 fire drakes
  A queen bee (Lair:6)
  A merfolk (Lair:6)
  A two-headed ogre (D:8)
  A wolf spider simulacrum (IceCv)
  2 polar bears
  4 komodo dragons
  Prince Ribbit (D:8)
  A boulder beetle (Lair:7)
  15 blink frogs
  2 basilisks
  5 hippogriffs
  3 elephant slugs
  25 yaks
  12 wolves
  3 sharks (Lair:6)
  2 steam dragons
  A mottled dragon (Lair:8)
  11 water moccasins
  An alligator simulacrum (IceCv)
  16 porcupines
  A phantom (D:8)
  A black bear (D:8)
  A swamp drake (Lair:8)
  A giant goldfish (Lair:6)
  3 centaurs (D:8)
  8 spiders (Lair:3)
  15 crocodiles
  7 ice beasts
  A sky beast (D:5)
  4 ogres
  2 boring beetles
  The ghost of oplop the Sneak, an average KoEn (D:3)
  4 giant slugs
  2 big kobolds
  10 giant frogs
  A scorpion (D:9)
  29 killer bees
  An eye of draining (D:8)
  A swamp dragon simulacrum (IceCv)
  An electric eel (Lair:6)
  A goliath beetle (D:9)
  2 crimson imps
  A big fish (Lair:6)
  9 hounds
  7 orc priests
  14 orc wizards
  A black bear skeleton (D:7)
  4 worker ants
  10 iguanas
  A wolf simulacrum (IceCv)
  A sky beast zombie (D:6)
  32 sheep
  22 adders
  81 green rats
  2 worm zombies (D:5)
  A shadow imp (D:5)
  6 giant mites
  7 gnolls
  2 inept feature mimics
  5 white imps (IceCv)
  11 worms
  5 orc zombies (D:5)
  An adder skeleton (D:6)
  An orc skeleton (D:6)
  12 giant geckos
  38 orcs
  5 ball pythons
  A bat skeleton (D:4)
  5 giant cockroaches
  18 goblins
  12 hobgoblins
  21 jackals
  14 quokkas
  31 bats
  8 giant newts
  2 giant spores
  A hobgoblin skeleton (D:8)
  33 kobolds
  3 kobold skeletons (D:4)
  36 rats
  A rat zombie (D:7)
  5 ballistomycetes
  3 fungi
  6 plants
738 creatures vanquished.

Vanquished Creatures (collateral kills)
  A freezing wraith (IceCv)
1 creature vanquished.

Vanquished Creatures (others)
  3 shadows (IceCv)
  A draconian simulacrum (IceCv)
  A white imp (IceCv)
  A bush (Lair:8)
  26 fungi
  17 plants
49 creatures vanquished.

Grand Total: 788 creatures vanquished

Notes
Turn   | Place    | Note
--------------------------------------------------------------
     0 | D:1      | Indrah22, the Formicid Assassin, began the quest for the Orb.
     0 | D:1      | Reached XP level 1. HP: 16/16 MP: 1/1
    46 | D:1      | Reached skill level 5 in Stealth
    58 | D:1      | Reached XP level 2. HP: 15/22 MP: 3/3
   634 | D:1      | Reached XP level 3. HP: 17/27 MP: 4/4
  1320 | D:2      | Reached XP level 4. HP: 30/33 MP: 5/5
  1788 | D:3      | Found a glowing drain.
  1792 | Sewer    | Entered a sewer
  2328 | Sewer    | Reached XP level 5. HP: 38/38 MP: 7/7
  2544 | Sewer    | Noticed a big kobold
  2554 | Sewer    | Killed a big kobold
  2554 | Sewer    | Reached XP level 6. HP: 28/44 MP: 8/8
  3573 | D:3      | Noticed oplop's ghost (average KoEn)
  3605 | D:3      | Killed oplop's ghost
  4197 | D:3      | Reached skill level 6 in Stealth
  4197 | D:3      | Reached XP level 7. HP: 50/50 MP: 9/9
  4694 | D:4      | Reached skill level 7 in Stealth
  4718 | D:4      | Reached skill level 1 in Dodging
  5391 | D:4      | Found a bloodstained altar of Trog.
  5607 | D:5      | Entered Level 5 of the Dungeon
  5677 | D:5      | Reached XP level 8. HP: 43/56 MP: 11/11
  6874 | D:6      | Reached skill level 5 in Short Blades
  7566 | D:7      | Reached XP level 9. HP: 51/61 MP: 18/18
  7638 | D:7      | Found a staircase to the Ecumenical Temple.
  7708 | Temple   | Entered the Ecumenical Temple
  7834 | Temple   | Became a worshipper of Dithmenos the Shadowed
  7867 | D:7      | Reached skill level 1 in Slings
  8270 | D:7      | Reached skill level 5 in Slings
  8584 | D:7      | Reached skill level 1 in Armour
  8890 | D:8      | Reached skill level 1 in Invocations
  9398 | D:8      | Noticed Prince Ribbit
  9419 | D:8      | Killed Prince Ribbit
  9696 | D:8      | Reached skill level 8 in Short Blades
  9835 | D:8      | Reached XP level 10. HP: 52/67 MP: 18/18
  9847 | D:8      | Acquired Dithmenos' first power
  9916 | D:8      | Reached skill level 9 in Short Blades
 10178 | D:8      | Found a staircase to the Lair.
 10327 | Lair:1   | Entered Level 1 of the Lair of Beasts
 11183 | Lair:1   | Reached skill level 10 in Stealth
 12228 | Lair:2   | Noticed a four-headed hydra
 12237 | Lair:2   | Killed a four-headed hydra
 12237 | Lair:2   | Reached skill level 11 in Stealth
 12237 | Lair:2   | Reached XP level 11. HP: 41/72 MP: 20/20
 12424 | Lair:2   | Reached skill level 12 in Stealth
 13105 | Lair:2   | Reached skill level 13 in Stealth
 14049 | Lair:3   | Reached skill level 5 in Fighting
 14254 | Lair:3   | Found a frozen archway.
 14263 | IceCv    | Entered an ice cave
 15557 | Lair:3   | Found a hole to the Spider Nest.
 15600 | Lair:3   | Acquired Dithmenos' second power
 15714 | Lair:3   | Learned a level 2 spell: Ensorcelled Hibernation
 15825 | Lair:3   | Reached skill level 1 in Hexes
 15871 | Lair:3   | Reached skill level 1 in Ice Magic
 15982 | Lair:3   | Got a pitted ring mail
 15983 | Lair:3   | Identified the cursed -3 ring mail of Jyr Nifi {Int+3 Acc-1} (You found it on level 3 of the Lair of Beasts)
 16016 | Lair:3   | Reached skill level 1 in Spellcasting
 16016 | Lair:3   | Reached XP level 12. HP: 86/91 MP: 21/21
 16089 | Lair:3   | Noticed Nergalle
 16168 | Lair:3   | Killed Nergalle
 17006 | Lair:4   | Reached skill level 5 in Hexes
 17200 | Lair:4   | Noticed a four-headed hydra
 17205 | Lair:4   | Killed a four-headed hydra
 18378 | Lair:4   | Reached skill level 10 in Slings
 18840 | Lair:4   | Reached skill level 10 in Short Blades
 18961 | Lair:4   | Noticed a four-headed hydra
 18968 | Lair:4   | Killed a four-headed hydra
 19548 | Lair:5   | Reached XP level 13. HP: 96/96 MP: 17/22
 19751 | Lair:5   | Got an emerald-encrusted leather armour
 19759 | Lair:5   | Identified the +3 leather armour of Nufups {Str+3 Int+3} (You found it on level 5 of the Lair of Beasts)
 20888 | Lair:2   | Learned a level 6 spell: Invisibility
 21118 | Lair:6   | Acquired Dithmenos' third power
 22137 | Lair:6   | Reached skill level 5 in Spellcasting
 22598 | Lair:6   | Noticed Maud
 22605 | Lair:6   | Killed Maud
 22634 | Lair:6   | Reached skill level 1 in Long Blades
 22657 | Lair:6   | Reached skill level 5 in Long Blades
 22798 | Lair:6   | Reached XP level 14. HP: 57/103 MP: 28/28
 22861 | Lair:6   | Got a twisted leather armour
 22869 | Lair:6   | Identified the +3 leather armour "Zositut" {rElec rC+} (You found it on level 6 of the Lair of Beasts)
 23067 | Lair:6   | Found a staircase to the Shoals.
 24264 | Lair:7   | Found a staircase to the Slime Pits.
 24265 | Lair:7   | Found a viscous altar of Jiyva.
 24290 | Lair:7   | Noticed Rupert
 24307 | Lair:7   | Killed Rupert
 24307 | Lair:7   | Reached skill level 10 in Long Blades
 24898 | Lair:8   | Entered Level 8 of the Lair of Beasts
 25601 | Lair:8   | Reached skill level 5 in Dodging
 27527 | Lair:8   | Reached skill level 10 in Hexes
 28768 | Lair:8   | Reached XP level 15. HP: 53/108 MP: 29/29
 29312 | Lair:2   | Learned a level 6 spell: Mass Confusion
 29320 | Lair:2   | Learned a level 7 spell: Darkness
 30069 | D:9      | Noticed Mellonil's ghost (experienced GrWz)
 30085 | D:9      | Slain by Mellonil's ghost

Action                   |  1- 3 |  4- 6 |  7- 9 | 10-12 | 13-15 || total
-------------------------+-------+-------+-------+-------+-------++-------
Melee: Dagger            |   131 |   229 |   557 |   628 |   167 ||  1712
       Short sword       |       |       |       |   140 |   392 ||   532
       Bastard sword     |       |       |       |       |   172 ||   172
 Fire: Blowgun           |     3 |    65 |   172 |   109 |    81 ||   430
       Sling             |       |       |    63 |   183 |   128 ||   374
Throw: Tomahawk          |       |    23 |     3 |     2 |     5 ||    33
       Javelin           |       |       |       |    29 |    26 ||    55
       Throwing net      |       |       |       |     1 |     2 ||     3
 Cast: Ensorcelled Hiber |       |       |       |    38 |    68 ||   106
       Invisibility      |       |       |       |       |     8 ||     8
Invok: Shadow Step       |       |       |       |    16 |     8 ||    24
 Abil: Dig               |     2 |     3 |     1 |       |     4 ||    10
       Shaft Self        |       |       |       |       |     1 ||     1
Evoke: Wand              |       |       |     7 |    26 |    12 ||    45
  Use: Scroll            |     2 |     4 |     9 |    13 |     9 ||    37
       Potion            |       |     1 |     1 |    12 |     9 ||    23
 Stab: Sleeping          |     2 |     4 |    11 |    58 |    83 ||   158
       Invisible         |       |       |       |       |    30 ||    30
       Held in net/web   |       |       |       |       |     4 ||     4
       Distracted        |       |       |       |       |     5 ||     5
